 Dungeon Crawl Stone Soup version 0.31-a0-221-gbddc013574 (webtiles) character file.

Game seed: 13870210399548328104

191 qw the Chopper (level 5, -1/33 HPs)
             Began as a Gargoyle Fighter on July 4, 2023.
             Slain by an orc warrior
             ... wielding a +0 scimitar
              (2 damage)
             ... on level 4 of the Dungeon.
             The game lasted 00:01:23 (2125 turns).

qw the Chopper (Gargoyle Fighter)                   Turns: 2125, Time: 00:01:23

Health: -1/33      AC: 14    Str: 21    XL:     5   Next: 70%
Magic:  5/5        EV:  9    Int:  9    God:
Gold:   48         SH:  4    Dex:  9    Spells: 4/4 levels left

rFire   . . .        Y - +1 war axe
rCold   . . .        c - +0 buckler
rNeg    + . .        b - +0 scale mail
rPois   inf          (no helmet)
rElec   +            g - +0 cloak
rCorr   .            (no gloves)
SInv    .            e - +0 pair of boots
Will    .....        (no amulet)
Stlth   +            (no ring)
HPRegen 0.25/turn    (no ring)
MPRegen 0.09/turn

%: no passive effects
@: no status effects
A: sickness immunity, AC +4, negative energy resistance 1, electricity
resistance, torment resistance 1, petrification resistance, thin skeletal
structure 1, clumsy 1, shaggy fur 1, subdued magic 1
a: no special abilities


You were on level 4 of the Dungeon.
You visited 1 branch of the dungeon, and saw 4 of its levels.

You collected 157 gold pieces.
You spent 109 gold pieces at shops.


Innate Abilities, Weirdness & Mutations

You are immune to sickness and miasma.
Your stone body is resilient. (AC +4)
You are immune to poison.
You resist negative energy. (rN+)
You are resistant to electric shocks. (rElec)
You are resistant to unholy torment.
You are immune to petrification.
You have a somewhat thin skeletal structure. (Dex +2, Stealth+)
You are clumsy. (Dex -2)
You are covered in fur. (AC +1)
Your spells are a little easier to cast, but a little less powerful.


   Skills:
 + Level 3.7 Fighting
 - Level 5.0 Axes
 - Level 3.2 Armour
 - Level 3.2 Shields


You had 4 spell levels left.
You didn't know any spells.
Your spell library was empty.

Inventory:

Hand Weapons
 i - a +0 morningstar
 Y - a +1 war axe (weapon)
Armour
 b - a +0 scale mail (worn)
 c - a +0 buckler (worn)
 e - a +0 pair of boots (worn)
 g - a +0 cloak (worn)
Jewellery
 a - a ring of ice
Scrolls
 k - a scroll of identify
Potions
 d - a potion of might
 f - a potion of haste
 h - a potion of mutation
 j - a potion of lignification
 l - a potion of curing {unknown}
 m - a potion of invisibility {unknown}

Dungeon Overview and Level Annotations

Branches:
Dungeon (4/15)
 Temple: D:4-7

Altars:
Kikubaaqudgha
Vehumet

Shops:
D:2 [?(*[


Message History

The orc warrior hits you but does no damage.
Something hits you but does no damage.
You completely miss the giant cockroach.
The giant cockroach is severely wounded.
You hit the orc warrior. You hit something.
The giant cockroach closely misses you. Something hits you.
The orc warrior hits you with a +0 scimitar.
You hit the giant cockroach.
You kill the giant cockroach!
You hit the orc warrior but do no damage.
You barely miss something.
The orc warrior hits you with a +0 scimitar.
Something hits you but does no damage.
You closely miss the orc warrior.
The orc warrior is lightly wounded.
You slash something!
Reactivating autopickup.
You feel a bit more experienced.
The orc warrior hits you with a +0 scimitar!
You block the orc warrior's attack.
The hobgoblin hits you but does no damage.
You hit the orc warrior.
The orc warrior is lightly wounded.
You completely miss the hobgoblin.
The orc warrior hits you with a +0 scimitar.
The hobgoblin hits you but does no damage.
You barely miss the orc warrior.
The orc warrior is lightly wounded.
You closely miss the hobgoblin. The orc warrior completely misses you.
The hobgoblin hits you but does no damage.
You closely miss the orc warrior.
The orc warrior is lightly wounded.
You hit the hobgoblin.
You kill the hobgoblin!
The orc warrior hits you with a +0 scimitar.
You slash the orc warrior!
The orc warrior is moderately wounded.
The orc warrior hits you with a +0 scimitar.
You die...

. .#. ##
... ..
#.#
####.#
...
##....#
#.###.<#
#.o#..##
#)@.##
#.!...##
#.....#
###...#
#....
....#
......
.......


You could see an orc warrior.

Vanquished Creatures
  An orc priest (D:4)
  3 orc wizards
  An adder (D:3)
  A worm (D:2)
  2 dart slugs
  6 orcs (D:3)
  4 ball pythons
  4 endoplasms
  2 giant cockroaches
  4 hobgoblins
  5 jackals
  2 quokkas
  5 bats
  5 frilled lizards
  3 goblins (D:1)
  7 kobolds
  13 rats
68 creatures vanquished.

Notes
Turn   | Place    | Note
-------+----------+-------------------------------------------
     0 | D:1      | qw the Gargoyle Fighter began the quest for the Orb.
     0 | D:1      | Reached XP level 1. HP: 14/14 MP: 1/1
     0 | D:1      | 0 ||| qw: Version: 0.3-a-40-ge99b1a8
     0 | D:1      | 0 ||| qw: Game counter: 655
     0 | D:1      | 0 ||| qw: Melee chars always use a shield: true
     0 | D:1      | 0 ||| qw: God list: Okawaru
     0 | D:1      | 0 ||| qw: Allow faded altars: false
     0 | D:1      | 0 ||| qw: Do Orc after clearing Dungeon:15 true
     0 | D:1      | 0 ||| qw: Do second Lair branch before Depths: true
     0 | D:1      | 0 ||| qw: Lair rune preference: random
     0 | D:1      | 0 ||| qw: Goals: Normal, Zot:1-4, Slime:5, God:TSO, Crypt,
                  | Tomb, Abyss, Pan, Hells, Win
     0 | D:1      | 0 ||| PLANNING D:1-11
    70 | D:1      | Reached skill level 2 in Axes
    73 | D:1      | 73 ||| Stepping ~*~*~tactically~*~*~ (hiding).
    75 | D:1      | 75 ||| Stepping ~*~*~tactically~*~*~ (hiding).
   101 | D:1      | 101 ||| Stepping ~*~*~tactically~*~*~ (stealth).
   102 | D:1      | 102 ||| Stepping ~*~*~tactically~*~*~ (stealth).
   110 | D:1      | Reached XP level 2. HP: 19/19 MP: 2/2
   559 | D:1      | Reached skill level 3 in Axes
   586 | D:1      | Reached XP level 3. HP: 23/23 MP: 3/3
   660 | D:1      | 660 ||| UPGRADING to +0 pair of boots.
   665 | D:1      | 665 ||| READING scroll labelled HEFUDI BOINGIO.
   733 | D:2      | 733 ||| Stepping ~*~*~tactically~*~*~ (stealth).
   735 | D:2      | 735 ||| Stepping ~*~*~tactically~*~*~ (stealth).
   736 | D:2      | 736 ||| Stepping ~*~*~tactically~*~*~ (stealth).
   745 | D:2      | Found Noalimeh's Antique Armour Shop.
   753 | D:2      | 753 ||| BUYING cloak (85 gold).
   753 | D:2      | Bought a cloak for 85 gold pieces
   753 | D:2      | 753 ||| SHOPLISTING glowing ring mail (133 gold, have 10).
   753 | D:2      | 753 ||| SHOPLISTING pair of runed boots (142 gold, have
                  | 10).
   753 | D:2      | 753 ||| SHOPLISTING plate armour (437 gold, have 10).
   770 | D:2      | 770 ||| DROPPING +0 club.
   790 | D:2      | Found Holang's General Store.
   800 | D:2      | 800 ||| SHOPLISTING potion of haste (120 gold, have 29).
   800 | D:2      | 800 ||| SHOPLISTING potion of heal wounds (60 gold, have
                  | 29).
   825 | D:2      | Found Boer's Armour Emporium.
   832 | D:2      | 832 ||| SHOPLISTING +0 pair of gloves (54 gold, have 29).
   832 | D:2      | 832 ||| SHOPLISTING +2 chain mail of willpower (258 gold,
                  | have 29).
   953 | D:2      | Found a radiant altar of Vehumet.
   968 | D:2      | Found Bouh's Weapon Shoppe.
   992 | D:2      | 992 ||| SHOPLISTING +4 consecrated labrys {holy, Valiant
                  | Fragile Fly SInv} (418 gold, have 29).
  1176 | D:2      | Found Peubreylo's Magic Scroll Emporium.
  1179 | D:2      | 1179 ||| SHOPLISTING scroll of enchant weapon (90 gold,
                  | have 32).
  1179 | D:2      | 1179 ||| BUYING scroll of identify (24 gold).
  1179 | D:2      | Bought a scroll of identify for 24 gold pieces
  1179 | D:2      | 1179 ||| SHOPLISTING scroll of identify (24 gold, have 8).
  1179 | D:2      | 1179 ||| SHOPLISTING scroll of teleportation (36 gold, have
                  | 8).
  1349 | D:2      | 1349 ||| UPGRADING to +0 cloak.
  1354 | D:2      | 1354 ||| READING scroll labelled VIGUFU JIC SEH.
  1358 | D:2      | 1358 ||| READING scroll labelled SOHOIG AGELIPAI.
  1359 | D:2      | 1359 ||| DRINKING 2 glowing ruby potions.
  1411 | D:3      | 1411 ||| Stepping ~*~*~tactically~*~*~ (hiding).
  1423 | D:3      | Reached XP level 4. HP: 28/28 MP: 4/4
  1426 | D:3      | 1426 ||| Stepping ~*~*~tactically~*~*~ (stealth).
  1427 | D:3      | 1427 ||| Stepping ~*~*~tactically~*~*~ (stealth).
  1428 | D:3      | 1428 ||| Stepping ~*~*~tactically~*~*~ (stealth).
  1429 | D:3      | 1429 ||| Stepping ~*~*~tactically~*~*~ (stealth).
  1430 | D:3      | 1430 ||| Stepping ~*~*~tactically~*~*~ (stealth).
  1445 | D:3      | Reached skill level 4 in Axes
  1548 | D:3      | Found an ancient bone altar of Kikubaaqudgha.
  1706 | D:3      | 1706 ||| Stepping ~*~*~tactically~*~*~ (stealth).
  1823 | D:3      | 1823 ||| Stepping ~*~*~tactically~*~*~ (hiding).
  1879 | D:3      | 1879 ||| Stepping ~*~*~tactically~*~*~ (stealth).
  1908 | D:3      | Reached XP level 5. HP: 17/32 MP: 5/5
  2077 | D:3      | 2077 ||| READING scroll labelled GEWKEN SUADONUO.
  2078 | D:3      | 2078 ||| DRINKING 2 glowing amethyst potions.
  2078 | D:3      | Gained mutation: You are clumsy. (Dex -2) [potion of
                  | mutation]
  2078 | D:3      | Gained mutation: You have a somewhat thin skeletal
                  | structure. (Dex +2, Stealth+) [potion of mutation]
  2078 | D:3      | Gained mutation: Your spells are a little easier to cast,
                  | but a little less powerful. [potion of mutation]
  2078 | D:3      | Gained mutation: You are covered in fur. (AC +1) [potion of
                  | mutation]
  2079 | D:3      | 2079 ||| READING 2 scrolls of identify.
  2079 | D:3      | 2079 ||| IDENTIFYING cyan potion
  2102 | D:4      | 2102 ||| Stepping ~*~*~tactically~*~*~ (hiding).
  2108 | D:4      | Noticed an orc warrior
  2115 | D:4      | Reached skill level 5 in Axes
  2121 | D:4      | HP: 7/32 [orc warrior/+0 scimitar (7)]
  2124 | D:4      | HP: 1/33 [orc warrior/+0 scimitar (5)]
  2125 | D:4      | Slain by an orc warrior

Levels and vault maps discovered:
D:1:      lemuel_arrival_rhombus, layout_loops_ring
D:2:      layout_loops_cross, basic_altar, serial_shops, nicolae_shop_rolled_up,
          shop_statue, shop, shop_statue, shop
D:3:      layout_rooms, kiku_gazebo_garden_becter, minmay_misc_feat_ornament
D:4:      layout_rooms, serial_bayou_pond_d, hex_large,
          chequers_serial_rivers_marsh

Skill      XL: |  1  2  3  4  5 |
---------------+----------------+-----
Axes           | 2 3 4 5 |  5.0
Fighting       | |  3.7
Armour         | |  3.2
Shields        | |  3.2

Action                     |  1- 3 |  4- 6 || total
---------------------------+-------+-------++-------
  Melee: War axe           |   100 |   113 ||   213
    Use: Scroll            |     3 |     2 ||     5
         Potion            |     1 |     1 ||     2
 Armour: Scale mail        |    41 |    75 ||   116
  Dodge: Dodged            |    33 |    57 ||    90
  Block: Buckler           |    20 |    27 ||    47

Table legend:
 A = Non-vault XP
 B = Vault XP
 C = Vault XP percentage of total XP
 D = Non-vault monster count
 E = Vault monster count
 F = Vault count percentage of total count
                 A         B        C        D         E       F
            +---------+---------+-------+---------+---------+-------
      Total |     274 |       0 |   0.0 |      68 |       0 |   0.0
            +---------+---------+-------+---------+---------+-------
        D:1 |      39 |       0 |   0.0 |      24 |       0 |   0.0
        D:2 |      18 |       0 |   0.0 |      11 |       0 |   0.0
        D:3 |     135 |       0 |   0.0 |      29 |       0 |   0.0
        D:4 |      82 |       0 |   0.0 |       4 |       0 |   0.0
            +---------+---------+-------+---------+---------+-------
